Map: Fracture LE

Players

HeavyFresh

  • Race: Terran Terran
  • League: Master
  • Spawn Location: 11:00

llIllllIllll - Winner!

  • Race: Protoss Protoss
  • League: Master
  • Spawn Location: 5:00

VOD

Have the link to the VOD?

Description

Time

  • Played on: Sept. 21, 2018, 5:32 p.m.
  • Length: 4:57
Show
View Real Time Build Order
Export as new Build Order

HeavyFresh Terran 

Build Orders:  

Get SALT Encoding   

  12  0:01  SCV  
  13  0:13  SCV  
  14  0:17  Supply Depot  
  14  0:25  SCV  
  15  0:39  SCV  
  15  0:41  Barracks  
  16  0:46  Refinery  
  16  0:51  SCV  
  17  1:03  SCV  
  18  1:15  SCV  
  19  1:27  Refinery  
  19  1:29  Orbital Command  
  19  1:30  Reaper  
  20  1:55  SCV  
  20  1:59  Supply Depot  
  21  2:02  Marine  
  22  2:12  SCV  
  23  2:22  Bunker  
  23  2:24  SCV  
  23  2:26  Factory, Marine  
  25  2:36  SCV  
  26  2:44  Marine  
  26  2:45  Supply Depot  
  26  2:48  SCV  
  28  3:00  SCV  
  28  3:06  Marine  
  28  3:12  SCV  
  30  3:24  SCV, Marine  
  32  3:29  Bunker  
  32  3:39  SCV  
  29  3:42  Marine  
  14  4:00  Marine  
  7  4:13  SCV  
  6  4:17  Marine  
  7  4:25  SCV  
  7  4:37  SCV  
Show
View Real Time Build Order
Export as new Build Order

llIllllIllll Protoss - Winner!

Build Orders: 1 Gate Expand, 2 Gate Expand 

Get SALT Encoding   

  12  0:00  Probe  
  13  0:12  Probe  
  14  0:18  Pylon  
  14  0:25  Probe  
  15  0:37  Probe  
  15  0:39  Gateway  
  16  0:50  Gateway  
  16  0:54  Probe  
  17  1:23  Nexus  
  17  1:26  Zealot  
  19  1:35  Pylon  
  19  1:37  Zealot  
  19  1:45  Zealot  
  23  1:56  Zealot  
  23  2:07  Assimilator  
  24  2:13  Zealot  
  26  2:26  Zealot, Cybernetics Core  
  28  2:40  Zealot  
  30  2:45  Probe, Assimilator  
  31  2:59  Probe  
  32  3:11  Probe  
Tags
 
Add a new tag
Caveats
  • Supply blocks, unpowered buildings, or Contaminate may cause inaccurate times.
  • Supply counts are checked every 10 seconds.